 Dungeon Crawl Stone Soup version 0.31-a0-198-g2ad674f65e (webtiles) character file.

Game seed: 14756417072650437146

104 qw the Shooter (level 4, -6/25 HPs)
             Began as a Deep Elf Hunter on June 25, 2023.
             Mangled by a gnoll
             ... wielding a +0 halberd
              (8 damage)
             ... on level 2 of the Dungeon.
             The game lasted 00:00:26 (1059 turns).

qw the Shooter (Deep Elf Hunter)                    Turns: 1059, Time: 00:00:27

Health: -6/25      AC:  5    Str:  8 (10) XL:     4   Next: 52%
Magic:  6/6        EV: 12    Int: 14      God:
Gold:   37         SH:  0    Dex: 17 (18) Spells: 3/3 levels left

rFire   . . .        Y - +0 shortbow
rCold   . . .        (shield currently unavailable)
rNeg    . . .        c - +0 leather armour
rPois   .            a - +0 helmet
rElec   .            (no cloak)
rCorr   .            f - +0 pair of gloves
SInv    .            (no boots)
Will    .....        (no amulet)
Stlth   ++           (no ring)
HPRegen 0.24/turn    (no ring)
MPRegen 0.10/turn

%: no passive effects
@: no status effects
A: no striking features
a: no special abilities


You were on level 2 of the Dungeon.
You visited 1 branch of the dungeon, and saw 2 of its levels.

You collected 37 gold pieces.


   Skills:
 - Level 1.5 Fighting
 + Level 7.9 Ranged Weapons
 - Level 2.4 Dodging
 - Level 1.2 Stealth


You had 3 spell levels left.
You didn't know any spells.
Your spell library was empty.

Inventory:

Hand Weapons
 Y - a +0 shortbow (weapon)
Armour
 a - a +0 helmet (worn)
 c - a +0 leather armour (worn)
 d - a +0 ring mail
 f - a +0 pair of gloves (worn)
Jewellery
 b - a ring of positive energy
Potions
 e - a potion of attraction {unknown}
 g - a potion of invisibility {unknown}

Dungeon Overview and Level Annotations

Branches:
Dungeon (2/15)

Altars:

Annotations:
D:2 exclusion: gnoll


Message History

Enter note:
Enter note:
Enter note: You shoot an arrow.
The arrow hits the dart slug!
You kill the dart slug!
You open the door.
A gnoll comes into view. It is wielding a +0 halberd.
Enter note:
Enter note:
Enter note:
Enter note:
Enter note:
Enter note: You shoot an arrow.
The arrow hits the gnoll.
The gnoll shouts!
The gnoll is lightly wounded.
The gnoll hits you from afar with a +0 halberd!
You shoot an arrow. The arrow hits the gnoll!
The gnoll is severely wounded.
The gnoll hits you from afar with a +0 halberd.
Enter note:
Enter note:
Enter note:
Enter note:
1054 ||| UPGRADING to +0 helmet.
The gnoll barely misses you.
You start putting on your armour.
You continue putting on your +0 helmet.
The gnoll closely misses you.
You continue putting on your +0 helmet.
The gnoll hits you from afar with a +0 halberd!
Keep equipping yourself?
You continue putting on your +0 helmet.
The gnoll barely misses you.
You continue putting on your +0 helmet.
The gnoll misses you.
You finish putting on your +0 helmet.
1059 ||| UPGRADING to +0 ring mail.
The gnoll hits you from afar with a +0 halberd!
You stop removing your armour.
You die...

....7..77 7¤7 .....7
###%.P..77¤7.7....777. #
#).7P7¤¤777.7......
#+#..P7.77¤:77.....77
........PP.7........P
.........P..7...###.
.....8....P7....#g#
.)..............#'#.7P..
7....8..7P.P....@......#
..7..P..77...#........7#
.777...7....#.........P7
77 ...7...#....P#'#.7P7
7P77.........#.# .77


P77 7P..P....P.### .7 P.. ..#+#.)... # .P. .. #..........## ### 7 }......... ..#
# You could see a gnoll.

Vanquished Creatures
  Terence (D:2)
  Robin (D:2)
  2 gnolls
  3 dart slugs
  2 endoplasms
  4 giant cockroaches
  9 goblins (D:2)
  3 hobgoblins (D:2)
  4 quokkas
  3 ball pythons
  4 bats
  2 frilled lizards (D:1)
  2 kobolds
  A rat (D:1)
41 creatures vanquished.

Notes
Turn   | Place    | Note
-------+----------+-------------------------------------------
     0 | D:1      | qw the Deep Elf Hunter began the quest for the Orb.
     0 | D:1      | Reached XP level 1. HP: 12/12 MP: 3/3
     0 | D:1      | 0 ||| qw: Version: 0.3-a-22-g0ed2b0b
     0 | D:1      | 0 ||| qw: Game counter: 5455
     0 | D:1      | 0 ||| qw: Melee chars always use a shield: true
     0 | D:1      | 0 ||| qw: God list: Okawaru
     0 | D:1      | 0 ||| qw: Allow faded altars: false
     0 | D:1      | 0 ||| qw: Do Orc after clearing Dungeon:15 true
     0 | D:1      | 0 ||| qw: Do second Lair branch before Depths: true
     0 | D:1      | 0 ||| qw: Lair rune preference: random
     0 | D:1      | 0 ||| qw: Goals: Normal
     0 | D:1      | 0 ||| PLANNING D:1-11
     8 | D:1      | Found a faded altar of an unknown god.
   162 | D:1      | HP: 2/12 [gnoll/+0 flail (10)]
   164 | D:1      | Reached skill level 6 in Ranged Weapons
   164 | D:1      | Reached XP level 2. HP: 3/16 MP: 4/4
   488 | D:1      | Reached XP level 3. HP: 20/20 MP: 5/5
   649 | D:1      | 649 ||| UPGRADING to +0 pair of gloves.
   654 | D:1      | 654 ||| READING 2 scrolls labelled WOCIGU HIHAXE.
   655 | D:1      | 655 ||| READING scroll labelled VUBROP DUPSO.
   656 | D:1      | 656 ||| DRINKING 2 fizzy black potions.
   657 | D:1      | 657 ||| DROPPING scroll of fog.
   658 | D:1      | 658 ||| DROPPING scroll of butterflies.
   659 | D:1      | 659 ||| DROPPING potion of degeneration.
   741 | D:2      | Noticed Terence
   750 | D:2      | Killed Terence
   751 | D:2      | Reached skill level 7 in Ranged Weapons
   869 | D:2      | Reached XP level 4. HP: 14/25 MP: 6/6
   869 | D:2      | Noticed Robin
   878 | D:2      | Killed Robin
  1054 | D:2      | 1054 ||| UPGRADING to +0 helmet.
  1056 | D:2      | HP: 1/25 [gnoll/+0 halberd (11)]
  1059 | D:2      | 1059 ||| UPGRADING to +0 ring mail.
  1059 | D:2      | Mangled by a gnoll

Levels and vault maps discovered:
D:1:      mrwooster_arrival_arrow, layout_loops_cross,
          ebering_ecumenical_altar_abandoned, st_stairs_5
D:2:      wad_woods_settlement, layout_loops_corners, uniq_crazy_yiuf_cottage,
          uniq_robin, uniq_terence

Skill      XL: |  1  2  3 |
---------------+----------+-----
Ranged Weapons | 6 7 |  7.9
Fighting       | |  1.5
Dodging        | |  2.4
Stealth        | |  1.2

Action                     |  1- 3 |  4- 6 || total
---------------------------+-------+-------++-------
   Fire: Shortbow          |    80 |    28 ||   108
    Use: Scroll            |     2 |       ||     2
         Potion            |     1 |       ||     1
 Armour: Leather armour    |     4 |       ||     4
  Dodge: Dodged            |    24 |    12 ||    36

Table legend:
 A = Non-vault XP
 B = Vault XP
 C = Vault XP percentage of total XP
 D = Non-vault monster count
 E = Vault monster count
 F = Vault count percentage of total count
                 A         B        C        D         E       F
            +---------+---------+-------+---------+---------+-------
      Total |      59 |      90 |  60.4 |      25 |      16 |  39.0
            +---------+---------+-------+---------+---------+-------
        D:1 |      41 |       4 |   8.9 |      15 |       3 |  16.7
        D:2 |      18 |      86 |  82.7 |      10 |      13 |  56.5
            +---------+---------+-------+---------+---------+-------
